 Dungeon Crawl Stone Soup version 0.30.0 (webtiles) character file.

Game seed: 3924469616555950668

28 Exaltedone87 the Grasshopper (level 3, 0/32 HPs)
             Began as a Naga Warper on May 6, 2023.
             Slain by an orc
             ... wielding a +0 club
              (5 damage)
             ... on level 2 of the Dungeon.
             The game lasted 00:02:00 (772 turns).

Exaltedone87 the Grasshopper (Naga Warper)           Turns: 772, Time: 00:02:01

Health: 0/32       AC:  2    Str: 15    XL:     3   Next: 14%
Magic:  6/6        EV:  9    Int: 13    God:
Gold:   96         SH:  0    Dex: 10    Spells: 4/6 levels left

rFire   . . .        a - +0 spear
rCold   . . .        (no shield)
rNeg    . . .        b - +0 leather armour
rPois   +            (no helmet)
rElec   .            (no cloak)
rCorr   .            (no gloves)
SInv    +            (no barding)
Will    .....        (no amulet)
Stlth   +            (no ring)
HPRegen 0.25/turn    (no ring)
MPRegen 0.10/turn

%: no passive effects
@: very slow
A: AC +1, large, see invisible, deformed body, poison resistance, slowness 2,
spit poison 1, naga tail 1
a: Spit Poison


You were on level 2 of the Dungeon.
You visited 1 branch of the dungeon, and saw 2 of its levels.

You collected 96 gold pieces.

Inventory:

Hand Weapons
 a - a +0 spear (weapon)
Missiles
 d - 5 boomerangs of dispersal (quivered)
Armour
 b - a +0 leather armour (worn)
Jewellery
 g - a ring of wizardry
Scrolls
 c - a scroll of blinking
 f - 2 scrolls of teleportation {unknown}
 i - a scroll of immolation {unknown}
Potions
 e - 2 potions of heal wounds {unknown}
 h - 2 potions of curing {unknown}


   Skills:
 + Level 2.2 Fighting
 * Level 2.5 Polearms
 - Level 0.8 Throwing
 + Level 1.0 Armour
 + Level 1.9 Dodging
 + Level 2.1 Spellcasting
 + Level 3.1 Translocations


You had 4 spell levels left.
You knew the following spells:

 Your Spells              Type           Power      Damage    Failure   Level
a - Blink                 Tloc           18%        N/A       13%         2

Your spell library contained the following spells:

 Spells                   Type           Power      Damage    Failure   Level
 Lesser Beckoning         Tloc           18%        N/A       13%         2
 Teleport Other           Tloc           9%         N/A       26%         3
 Vhi's Electric Charge    Tloc/Air       10%        N/A       43%         3
 Manifold Assault         Tloc           9%         N/A       63%         4


Dungeon Overview and Level Annotations

Branches:
Dungeon (2/15)

Altars:


Innate Abilities, Weirdness & Mutations

Your serpentine skin is tough. (AC +1)
You have supernaturally acute eyesight. (SInv)
Armour fits poorly on your strangely shaped body.
Your system is resistant to poisons. (rPois)
You cover ground very slowly.
You can spit poison.
You have a snake-like lower body.


Message History

An orc comes into view. It is wielding a +0 falchion.
Found a plate armour.
The orc shouts!
You hear a shout! x2
An orc comes into view. It is wielding a +0 dagger.
An orc comes into view. It is wielding a +0 club.
An adder comes into view.
An orc comes into view. It is wielding a +0 club.
The adder hisses angrily.
The orc shouts! x2
Aiming: Spit Poison (2% risk of failure)
Press: ? - help, Shift-Dir - straight line, f - orc
Aim: an orc, wielding a +0 dagger and wearing a +0 chain mail (70% to hit)
The splash of poison hits the orc but does no damage.
Throw: 6 boomerangs (disperse)
Press: ? - help, Q - select action, (/) - cycle Shift-Dir - straight line, f/p - orc
Aim: an orc, wielding a +0 dagger and wearing a +0 chain mail (64% to hit)
You throw a boomerang of dispersal.
The boomerang of dispersal hits the orc and shatters, but does no damage.
An orc comes into view. It is wielding a +0 club.
You hit the orc but do no damage. The orc hits you with a +0 falchion.
An orc comes into view. It is wielding a +0 heavy hand axe.
The orc hits you with a +0 dagger.
Unknown command.
You barely miss the orc.
The orc shouts!
The orc attacks as you move away! The orc barely misses you.
The orc hits you with a +0 club. The orc barely misses you.
The orc hits you with a +0 club. The orc hits you but does no damage.
The orc attacks as you move away! The orc hits you with a +0 club.
The orc attacks as you move away! The orc hits you with a +0 falchion!
You have got your breath back.
The orc barely misses you. The orc hits you but does no damage.
The orc completely misses you. The orc attacks as you move away!
The orc hits you with a +0 falchion.
* * * LOW HITPOINT WARNING * * *
The orc attacks as you move away! The orc barely misses you.
The orc attacks as you move away! The orc hits you with a +0 club.
* * * LOW HITPOINT WARNING * * *
The orc misses you. The orc attacks as you move away!
The orc hits you with a +0 club.
You die...

...................
.......##......####
##... ..............#
#.[..## #.##..........#
....... #.............#
.......###..#.#........#
..............#....>...#
###.........o.#........#
..[.#....o.oo@...#######
#..?........oow...##
..###.......S......###
#................#
#..............#...#
#...............##..
#................# .
##............##...
#.............###..


You could see a worm, an adder and 6 orcs.

Vanquished Creatures
  A dart slug (D:1)
  2 ball pythons (D:1)
  3 endoplasms (D:1)
  2 giant cockroaches (D:1)
  A goblin (D:1)
  4 hobgoblins
  A jackal (D:1)
  A kobold (D:1)
  5 bats (D:1)
  A frilled lizard (D:1)
  3 rats (D:1)
24 creatures vanquished.

Notes
Turn   | Place    | Note
-------+----------+-------------------------------------------
     0 | D:1      | Exaltedone87 the Naga Warper began the quest for the Orb.
     0 | D:1      | Reached XP level 1. HP: 19/19 MP: 3/3
    81 | D:1      | Reached XP level 2. HP: 5/26 MP: 5/5
    84 | D:1      | Reached skill level 1 in Armour
   519 | D:1      | Reached XP level 3. HP: 31/32 MP: 6/6
   723 | D:2      | Learned a level 2 spell: Blink
   772 | D:2      | Slain by an orc

Illustrated notes

Levels and vault maps discovered:
D:1:      heliophobic_arrival_henge, layout_rooms, minmay_cupped
D:2:      layout_rooms, serial_bayou_ford_a

Skill      XL: |  1  2 |
---------------+-------+-----
Armour         | 1 |  1.0
Fighting       | |  2.2
Polearms       | |  2.5
Throwing       | |  0.8
Dodging        | |  1.9
Spellcasting   | |  2.1
Translocations | |  3.1

Action                     || total
---------------------------++-------
  Melee: Spear             ||    82
         Punch             ||     1
  Throw: Boomerang         ||     2
Ability: Spit Poison       ||     1
   Stab: Sleeping          ||     1
 Armour: Leather armour    ||    17
  Dodge: Dodged            ||    39
